 Dungeon Crawl Stone Soup version 0.26.1-2-gb8aa6d0cf2 (webtiles) character file.

Game seed: 286161297725238500

2133 Groucho the Covert (level 9, 0/39 HPs)
             Began as a Spriggan Enchanter on Feb 21, 2021.
             Was an Initiate of Kikubaaqudgha.
             Slain by Menkaure (24 damage)
             ... on level 7 of the Dungeon.
             The game lasted 00:18:35 (15716 turns).

Groucho the Covert (Spriggan Enchanter)            Turns: 15716, Time: 00:18:35

Health: 0/39       AC:  4    Str:  6    XL:     9   Next: 9%
Magic:  17/20      EV: 18    Int: 18    God:    Kikubaaqudgha [......]
Gold:   272        SH:  0    Dex: 16    Spells: 15/21 levels left

rFire    . . .     SeeInvis +   n - +2 dagger (venom)
rCold    . . .     Faith    .   (shield restricted)
rNeg     . . .     Spirit   .   b - +0 robe
rPois    .         Reflect  .   (helmet restricted)
rElec    .         Harm     .   w - +1 cloak
rCorr    .         Rampage  .   (gloves unavailable)
Will     +....                  (boots unavailable)
Stlth    ++++++....             l - amulet of regeneration
HPRegen  0.53/turn              (no ring)
MPRegen  0.17/turn              (no ring)

@: confusing touch, very quick
A: very small, unfitting armour, see invisible, speed 3
a: Renounce Religion


You were on level 7 of the Dungeon.
You worshipped Kikubaaqudgha.
Kikubaaqudgha was noncommittal.
You visited 2 branches of the dungeon, and saw 8 of its levels.

You collected 272 gold pieces.

Inventory:

Hand Weapons
 a - a +1 dagger
 n - a +2 dagger of venom (weapon)
 x - a +1 dagger of electrocution
Missiles
 s - 16 poisoned darts (quivered)
Armour
 b - a +0 robe (worn)
 w - a +1 cloak (worn)
Jewellery
 c - an uncursed amulet of the acrobat
 l - an amulet of regeneration (around neck)
Wands
 t - a wand of random effects (48)
Scrolls
 d - 3 scrolls of magic mapping
 g - 7 scrolls of identify
 i - 2 scrolls of amnesia
 m - a scroll of fog {unknown}
 o - 3 scrolls of enchant armour
 q - 4 scrolls of teleportation
Potions
 e - 4 potions of heal wounds
 f - 2 potions of might {unknown}
 h - 4 potions of curing
 j - 2 potions of ambrosia {unknown}
 k - a potion of cancellation {unknown}
 p - a potion of flight {unknown}
 r - a potion of attraction {unknown}
 u - a potion of degeneration {unknown}
 v - a potion of brilliance {unknown}


   Skills:
 - Level 1.1 Short Blades
 - Level 3.0 Dodging
 * Level 14.3 Stealth
 + Level 6.8 Spellcasting
 + Level 7.2 Hexes
 + Level 0.6 Necromancy


You had 15 spell levels left.
You knew the following spells:

 Your Spells              Type           Power        Failure   Level
a - Corona                Hex            35%          1%          1
b - Ensorcelled Hibernat  Hex/Ice        38%          3%          2
c - Confusing Touch       Hex            32%          1%          3

Your spell library contained the following spells:

 Spells                   Type           Power        Failure   Level
 Tukima's Dance           Hex            32%          1%          3
 Dazzling Flash           Conj/Hex       38%          8%          3
 Beastly Appendage        Tmut           12%          11%         1
 Wereblood                Tmut           6%           17%         2
 Spider Form              Tmut/Pois      3%           32%         3
 Ice Form                 Ice/Tmut       6%           73%         4
 Blade Hands              Tmut           3%           97%         5


Dungeon Overview and Level Annotations

Branches:
Dungeon (7/15)             Temple (1/1) D:7

Altars:
Ashenzari
Cheibriados
Fedhas
Gozag
Kikubaaqudgha
Nemelex Xobeh
Okawaru
Ru
Sif Muna
Trog
Uskayaw
Vehumet
Wu Jian
Xom
Zin

Annotations:
D:7 1 runed translucent door, Menkaure


Innate Abilities, Weirdness & Mutations

You are very small and have problems with some larger weapons.
You are too small for most types of armour.
You have supernaturally acute eyesight. (SInv)
You cover ground extremely quickly.


Message History

Done waiting.
You start waiting.
Done waiting.
c - a dented citrine amulet
Found a stone staircase leading down.
As you read the scroll of identify, it crumbles to dust.
c - an uncursed amulet of the acrobat
q - 3 scrolls of teleportation
q - 4 scrolls of teleportation (gained 1) Menkaure, Prince of Dust comes into view.
Found an escape hatch in the ceiling.
There is a stone staircase leading down here.
Menkaure shouts!
Menkaure hits you!
Casting: Ensorcelled Hibernation (safe; 3% risk of failure)
Confirm with . or Enter, or press ? or * to list all spells.
Your hands begin to glow red.
Menkaure hits you!!
Ouch! That really hurt!
You die...
Kikubaaqudgha rasps: "You have failed me!
Welcome... death!"

####.#.##..#.##.######.##.#.#
.....................##.#.#
##.........##.............#
#.........##..########.#..
.......>##### #.##. ......#.#
#.... ..$...#.# #####
......+.# ....? #@# ##### #M#
#.# .<. #.# #.# ###


You could see Menkaure.

Vanquished Creatures
  Maggie (D:6)
  Eustachio (D:6)
  Purgy (D:3)
  An orc warrior (D:6)
  A black bear (D:6)
  A phantom (D:5)
  3 ogres (D:6)
  2 centaurs (D:6)
  A bullfrog (D:6)
  A scorpion (D:4)
  2 howler monkeys
  A jelly (D:6)
  3 centaur skeletons
  2 hounds (D:6)
  2 orc priests
  4 orc wizards
  Crazy Yiuf (D:6)
  A bullfrog skeleton (D:5)
  Jessica (D:2)
  2 iguanas
  Natasha (D:2)
  3 worker ants
  4 adders
  An ufetubus (D:5)
  3 oozes
  An adder zombie (D:6)
  5 worms
  4 leopard geckos
  15 orcs
  4 ball pythons
  5 bats
  10 giant cockroaches
  14 goblins
  10 hobgoblins
  11 jackals
  6 frilled lizards
  6 kobolds
  A leopard gecko skeleton (D:5)
  A leopard gecko zombie (D:5)
  A quokka skeleton (D:6)
  4 rats
142 creatures vanquished.

Notes
Turn   | Place    | Note
-------+----------+-------------------------------------------
     0 | D:1      | Groucho the Spriggan Enchanter began the quest for the Orb.
     0 | D:1      | Reached XP level 1. HP: 9/9 MP: 5/5
    29 | D:1      | Reached skill level 5 in Stealth
   117 | D:1      | Reached XP level 2. HP: 13/13 MP: 6/6
   528 | D:1      | Learned a level 2 spell: Ensorcelled Hibernation
   672 | D:1      | Reached skill level 6 in Stealth
   900 | D:1      | Reached XP level 3. HP: 16/16 MP: 8/8
   904 | D:1      | Learned a level 3 spell: Confusing Touch
  1978 | D:2      | Reached skill level 7 in Stealth
  2576 | D:2      | Noticed Natasha
  2581 | D:2      | Killed Natasha
  2582 | D:2      | Reached skill level 8 in Stealth
  2582 | D:2      | Reached XP level 4. HP: 21/21 MP: 9/9
  3172 | D:2      | Noticed Jessica
  3183 | D:2      | Killed Jessica
  4192 | D:3      | Noticed Purgy
  4236 | D:3      | Killed Purgy
  4237 | D:3      | Reached skill level 10 in Stealth
  4237 | D:3      | Reached XP level 5. HP: 24/24 MP: 0/10
  5095 | D:4      | Reached XP level 6. HP: 23/28 MP: 3/11
  8047 | D:5      | Entered Level 5 of the Dungeon
  8862 | D:4      | Reached skill level 11 in Stealth
  9343 | D:4      | Reached XP level 7. HP: 32/32 MP: 8/13
 10657 | D:5      | Reached skill level 5 in Hexes
 11399 | D:6      | Reached skill level 12 in Stealth
 11756 | D:6      | Reached skill level 5 in Spellcasting
 11756 | D:6      | Reached XP level 8. HP: 36/36 MP: 16/16
 11827 | D:6      | Found a snail-covered altar of Cheibriados.
 12313 | D:6      | Noticed Eustachio
 12550 | D:6      | Killed Eustachio
 12551 | D:6      | Reached skill level 13 in Stealth
 12703 | D:6      | Noticed Maggie
 14133 | D:6      | Killed Maggie
 14134 | D:6      | Reached skill level 14 in Stealth
 14134 | D:6      | Reached XP level 9. HP: 39/39 MP: 10/19
 14505 | D:6      | Found a sparkling altar of Nemelex Xobeh.
 14563 | D:6      | Found a runed translucent door.
 14564 | D:6      | Noticed Crazy Yiuf
 14894 | D:6      | Killed Crazy Yiuf
 15322 | D:7      | Found a runed translucent door.
 15330 | D:7      | Found a staircase to the Ecumenical Temple.
 15342 | Temple   | Entered the Ecumenical Temple
 15424 | Temple   | Became a worshipper of Kikubaaqudgha
 15709 | D:7      | Noticed Menkaure
 15716 | D:7      | Slain by Menkaure

Illustrated notes

Levels and vault maps discovered:
D:1:      dpeg_arrival_morbid_curiosity, layout_basic
D:2:      layout_loops_cross, uniq_jessica, uniq_natasha
D:3:      layout_rooms, serial_corexii_hall, chequers_hall_statues_wall_a,
          corexii_hall_statues_x, corexii_hall_statues_s,
          corexii_hall_statues_t, uniq_purgy
D:4:      layout_rooms, gup_sewer_entry_pipe
D:5:      layout_loops_ring, chequers_avenue
D:6:      layout_rooms, kennysheep_mini, grunt_ministairs_14,
          nemelex_dance_club_becter, uniq_maggie, uniq_crazy_yiuf_cottage,
          uniq_eustachio
D:7:      cheibrodos_shockbox, layout_basic, kennysheep_little_box,
          grunt_temple_overflow_open, minmay_temple_entry_statues, serial_shops,
          shop, kennysheep_mini_moat, gammafunk_ghost_grave,
          grunt_decor_arrowhead, uniq_menkaure
Temple:   dshaligram_water_room_temple

Skill      XL: |  1  2  3  4  5  6  7  8 |
---------------+-------------------------+-----
Stealth        | 5 6 8 10 11 12 14 | 14.3
Spellcasting   | 3 5 6 |  6.8
Hexes          | 4 5 7 |  7.2
Short Blades   | |  1.1
Dodging        | |  3.0
Necromancy     | |  0.6

Action                   |  1- 3 |  4- 6 |  7- 9 || total
-------------------------+-------+-------+-------++-------
Melee: Dagger            |    99 |   143 |   117 ||   359
Throw: Dart              |       |       |    26 ||    26
 Cast: Ensorcelled Hiber |    10 |    31 |    26 ||    67
       Confusing Touch   |       |     9 |    12 ||    21
  Use: Scroll            |     4 |     3 |     5 ||    12
       Potion            |       |     1 |       ||     1
 Stab: Sleeping          |    30 |    22 |    30 ||    82
       Distracted        |     1 |       |     1 ||     2
       Confused          |       |     5 |     9 ||    14
Armor: Robe              |     5 |     9 |     5 ||    19
Dodge: Dodged            |    68 |   109 |    71 ||   248
